Map: Oxide LE

Players

Trap - Winner!

  • Race: Protoss Protoss
  • League: Master

TIME (Oliveira)

  • Race: Terran Terran
  • League: Grandmaster

Event: TSL 7

VOD

Have the link to the VOD?

Description

Time

  • Played on: June 13, 2021, 1:23 p.m.
  • Length: 10:01

All games in this series

Show
View Real Time Build Order
Export as new Build Order

Trap Protoss - Winner!

Build Orders: 1 Gate Expand, Oracle Opening 

Get SALT Encoding   

  12  0:00  Probe  
  13  0:12  Probe  
  14  0:18  Pylon  
  14  0:24  Probe (Chrono Boost)  
  15  0:36  Probe (Chrono Boost)  
  15  0:37  Gateway  
  16  0:45  Probe (Chrono Boost)  
  16  0:46  Assimilator  
  17  0:51  Probe  
  18  1:03  Probe  
  19  1:15  Probe  
  20  1:24  Cybernetics Core  
  20  1:32  Nexus  
  20  1:39  Pylon  
  20  1:42  Probe  
  21  1:49  Assimilator  
  22  1:54  Probe  
  22  1:58  Adept (Chrono Boost)  
  24  2:03  Pylon  
  24  2:06  Probe  
  25  2:19  Probe  
  25  2:21  Stargate  
  26  2:26  Adept  
  28  2:31  Probe  
  28  2:34  Warp Gate  
  29  2:44  Probe (Chrono Boost)  
  29  2:48  Probe (Chrono Boost)  
  30  2:53  Probe (Chrono Boost)  
  30  2:56  Adept  
  30  2:57  Probe (Chrono Boost)  
  34  2:58  Probe (Chrono Boost)  
  34  3:03  Oracle (Chrono Boost)  
  35  3:07  Probe  
  35  3:10  Probe  
  40  3:19  Probe  
  41  3:23  Probe  
  42  3:28  Gateway  
  42  3:30  Gateway  
  42  3:31  Probe  
  43  3:35  Probe  
  43  3:38  Oracle (Chrono Boost)  
  47  3:47  Probe x2  
  49  4:00  Pylon  
  49  4:04  Probe x2  
  49  4:09  Nexus  
  51  4:10  Oracle (Chrono Boost)  
  54  4:18  Probe x2  
  54  4:22  Adept  
  54  4:23  Adept  
  58  4:28  Adept  
  58  4:30  Probe (Chrono Boost)  
  61  4:36  Probe (Chrono Boost), Assimilator  
  61  4:38  Pylon  
  61  4:39  Assimilator  
  61  4:40  Probe (Chrono Boost)  
  61  4:42  Pylon  
  62  4:54  Forge  
  62  4:56  Probe x2, Twilight Council  
  64  5:00  Phoenix  
  66  5:08  Probe x2  
  66  5:19  Stalker x3  
  62  5:23  Shield Battery  
  62  5:29  Shield Battery  
  62  5:32  Shield Battery  
  62  5:34  Probe x3  
  65  5:44  Stalker x3  
  71  5:50  Probe x2  
  71  5:51  Probe  
  74  6:02  Probe, Blink (Chrono Boost)  
  74  6:03  Probe x2  
  75  6:07  Stalker x2  
  75  6:08  Stalker  
  75  6:09  Protoss Ground Weapons Level 1 (Chrono Boost)  
  81  6:14  Probe  
  81  6:15  Probe x2  
  82  6:27  Probe  
  82  6:29  Probe x2  
  85  6:36  Pylon  
  85  6:37  Pylon  
  85  6:42  Gateway x2  
  85  6:43  Gateway  
  85  6:52  Robotics Facility  
  85  6:53  Shield Battery  
  85  6:54  Probe x3  
  85  6:57  Sentry x3  
  85  7:01  Pylon  
  94  7:03  Pylon  
  94  7:04  Gateway  
  94  7:06  Probe  
  94  7:07  Gateway, Pylon  
  95  7:14  Probe x2  
  97  7:16  Assimilator  
  97  7:19  Probe  
  97  7:21  Assimilator  
  98  7:29  Stalker x2  
  102  7:30  Stalker  
  102  7:36  Templar Archives  
  104  7:38  Warp Prism (Chrono Boost)  
  104  7:39  Probe x3  
  104  7:40  Gateway  
  104  7:42  Gateway  
  109  7:48  Stalker x2  
  109  7:49  Charge (Chrono Boost)  
  113  7:52  Pylon  
  113  7:57  Protoss Ground Armor Level 1 (Chrono Boost)  
  113  7:58  Pylon  
  111  8:10  Psionic Storm  
  109  8:15  Zealot x8  
  125  8:20  Observer  
  126  8:36  High Templar x3  
  126  8:37  High Templar, Zealot x3  
  126  8:41  Archon x2, Pylon  
  140  8:42  Pylon  
  140  8:47  Nexus  
  140  9:03  Pylon  
  140  9:05  High Templar x2, Zealot x2  
  140  9:06  Zealot x2  
  140  9:09  Zealot x2  
  156  9:10  Archon  
  156  9:13  Probe  
  157  9:21  Probe x2  
  152  9:33  Zealot  
  152  9:34  Zealot x7  
  152  9:36  Probe  
  152  9:37  Probe x2  
  152  9:38  Zealot x2  
  143  9:49  Probe  
Show
View Real Time Build Order
Export as new Build Order

TIME Terran 

Build Orders:  

Get SALT Encoding   

  12  0:00  SCV  
  13  0:12  SCV  
  14  0:18  Supply Depot  
  14  0:24  SCV  
  15  0:39  SCV  
  15  0:42  Barracks  
  16  0:45  Refinery  
  16  0:51  SCV  
  17  1:04  SCV  
  18  1:16  SCV  
  19  1:28  Marine  
  19  1:29  Orbital Command  
  20  1:47  Command Center  
  20  1:48  Reaper  
  21  1:55  SCV, Supply Depot  
  22  2:07  SCV  
  23  2:08  Factory  
  23  2:19  SCV  
  23  2:22  Bunker  
  24  2:23  Barracks Reactor  
  24  2:27  Refinery  
  24  2:31  SCV  
  25  2:43  SCV  
  26  2:55  SCV, Hellion  
  26  2:57  Starport  
  29  3:00  Orbital Command  
  29  3:02  Marine x2  
  31  3:08  SCV  
  32  3:18  Factory Tech Lab  
  32  3:19  Marine x2  
  32  3:22  SCV  
  32  3:25  SCV  
  36  3:34  SCV  
  36  3:37  Cyclone, Marine x2, Supply Depot  
  36  3:39  SCV  
  43  3:44  Viking  
  43  3:50  SCV  
  43  3:52  SCV  
  43  3:55  Marine  
  43  3:59  Marine  
  43  4:01  Supply Depot  
  43  4:02  SCV  
  45  4:04  SCV  
  45  4:10  Siege Tank  
  45  4:15  SCV  
  45  4:16  Marine  
  50  4:19  SCV  
  51  4:24  Marine  
  51  4:27  SCV  
  51  4:29  Supply Depot  
  53  4:34  Viking  
  53  4:36  SCV  
  53  4:37  Marine  
  56  4:41  SCV  
  57  4:47  Cyclone, Marine  
  57  4:49  SCV  
  62  4:54  Supply Depot  
  62  4:55  Marine  
  62  4:59  SCV  
  64  5:01  SCV  
  64  5:05  Marine  
  66  5:13  Marine  
  66  5:14  Viking  
  65  5:15  SCV x2  
  66  5:21  Siege Tank  
  66  5:23  Marine  
  66  5:27  SCV x2  
  66  5:28  Supply Depot  
  72  5:31  Marine  
  73  5:39  SCV x2  
  73  5:41  Marine  
  76  5:47  Medivac  
  76  5:49  Marine  
  79  5:51  Command Center  
  77  5:59  Marine  
  77  6:03  SCV  
  75  6:05  SCV, Cyclone  
  75  6:07  Marine  
  77  6:16  SCV, Marine  
  72  6:25  SCV, Marine  
  65  6:28  Barracks  
  65  6:29  SCV  
  65  6:32  Barracks  
  62  6:34  Marine  
  62  6:38  SCV  
  62  6:39  Starport Tech Lab, Siege Tank  
  67  6:41  SCV  
  67  6:43  Marine  
  69  6:47  Refinery  
  69  6:48  Refinery  
  69  6:50  SCV  
  69  6:52  Marine  
  69  6:54  SCV  
  71  7:01  Engineering Bay  
  71  7:02  SCV, Engineering Bay  
  71  7:04  Orbital Command  
  71  7:06  SCV, Marine  
  74  7:14  SCV  
  75  7:17  Marine  
  75  7:18  SCV  
  77  7:24  Marine  
  77  7:26  SCV  
  77  7:29  SCV  
  77  7:30  SCV  
  77  7:33  Terran Infantry Armor Level 1, Stimpack, Terran Infantry Weapons Level 1, Combat Shield  
  77  7:36  Marine x2  
  80  7:37  Orbital Command, Marine  
  80  7:38  SCV  
  80  7:42  SCV  
  80  7:43  Starport Reactor, Factory Reactor  
  83  7:46  Marine  
  83  7:47  Supply Depot  
  83  7:50  SCV  
  85  7:54  SCV  
  85  7:55  Barracks  
  85  7:57  Barracks  
  83  7:58  Marine x2  
  83  7:59  Marauder  
  83  8:02  SCV  
  83  8:03  SCV  
  89  8:06  SCV  
  89  8:10  Marine  
  89  8:14  SCV  
  89  8:15  SCV  
  89  8:16  Marine  
  89  8:17  Marauder  
  89  8:18  SCV  
  89  8:19  Missile Turret  
  95  8:21  Missile Turret  
  95  8:23  Widow Mine x2  
  95  8:26  SCV  
  96  8:27  SCV  
  96  8:29  Marauder  
  96  8:30  SCV  
  97  8:38  Marine x2  
  97  8:39  SCV x2, Medivac x2  
  105  8:42  SCV  
  105  8:44  Barracks Tech Lab  
  105  8:45  Barracks Reactor  
  106  8:50  Supply Depot  
  106  8:51  SCV x2, Marine, Supply Depot  
  109  8:58  Supply Depot  
  109  9:03  Armory  
  109  9:04  Marine  
  109  9:11  Marine x2  
  109  9:12  SCV x3, Marauder x2  
  109  9:13  Widow Mine  
  120  9:20  Supply Depot  
  120  9:21  Widow Mine, Supply Depot  
  120  9:24  SCV x2  
  123  9:27  Marine  
  123  9:30  Marauder  
  123  9:33  Marauder  
  123  9:36  Marine x2  
  123  9:37  Widow Mine, Marauder  
Tags
 
Add a new tag
Caveats
  • Supply blocks, unpowered buildings, or Contaminate may cause inaccurate times.
  • Supply counts are checked every 10 seconds.